Cogmind - Beta 15 @@@ ROGUE MODE // 2025.05.16 @ 01:41:10 Player: Occam Result: Destroyed by Y-54 Guardian with Flak Gun Performance ------------- Evolutions (0) 0 Regions Visited (3) 600 Robots Destroyed (21) 105 Value Destroyed (508) 508 Prototype IDs (0) 0 Alien Tech Used (0) 0 Bonus (0) 0 TOTAL SCORE: 1213 Bonus ------- None Cogmind --------- Core Integrity 0/250 Matter 148/300 Energy 234/250 System Corruption 0% Temperature Cool (64) Movement Rolling (130) Ox2 Location -7/Recycling Parts ------- > --- POWER (1) -------- Ion Engine > --- PROPULSION (2) --- Compact Wheel > --- UTILITY (2) ------ High-capacity Storage Unit Structural Scanner > --- WEAPON (2) ------- Light Assault Rifle Mining Laser > --- INVENTORY (20) --- Heat Sink Small Storage Unit Large Storage Unit High-capacity Matter Pod (200) Peak State ------------ > --- POWER ------------ Ion Engine > --- PROPULSION ------- Light Treads Light Treads > --- UTILITY ---------- High-capacity Storage Unit Structural Scanner > --- WEAPON ----------- Medium Laser Subdweller Shrapnel Launcher > --- INVENTORY -------- Ion Engine Ion Engine Light Treads Compact Wheel Compact Wheel Heat Sink Small Storage Unit Large Storage Unit High-capacity Matter Pod Seismic Detector Small Laser Light Assault Rifle Mining Laser [Rating: 9] Favorites ----------- Power Ion Engine Engine Ion Engine Propulsion Light Treads Treads Light Treads Leg Aluminum Leg Wheel Compact Wheel Utility High-capacity Storage Unit Device Seismic Detector Storage High-capacity Storage Unit Weapon Medium Laser Energy Gun Medium Laser Ballistic Gun Light Assault Rifle Ballistic Cannon Light Cannon Launcher Subdweller Shrapnel Launcher Special Weapon Mining Laser Build | -11 -10 -10 -7 ------- Run | Yrd Mat Sub Rec Slots Evolved . | . . . . Power . | . . . . Propulsion . | . . . . Utility . | . . . . Weapon . | . . . . Parts Attached 16 | 2 6 4 4 Power 2 | . . 1 1 Engine 2 | . . 1 1 Core . | . . . . Reactor . | . . . . Propulsion 5 | . 2 2 1 Treads 3 | . 2 1 . Leg . | . . . . Wheel 2 | . . 1 1 Hover . | . . . . Flight . | . . . . Utility 3 | 1 2 . . Device 2 | 1 1 . . Storage 1 | . 1 . . Processor . | . . . . Hackware . | . . . . Protection . | . . . . Artifact . | . . . . Weapon 6 | 1 2 1 2 Energy Gun 2 | 1 . 1 . Energy Cannon . | . . . . Ballistic Gun 1 | . . . 1 Ballistic Cannon 1 | . 1 . . Launcher 1 | . 1 . . Special Weapon 1 | . . . 1 Impact Weapon . | . . . . Slashing Weapon . | . . . . Piercing Weapon . | . . . . Special Melee Weapon . | . . . . Unidentified Prototypes . | . . . . Parts Lost 11 | . 1 9 1 Power 2 | . . 2 . Propulsion 4 | . . 3 1 Utility 1 | . . 1 . Weapon 4 | . 1 3 . Highest Loss Streak 9 | . 1 9 1 To Critical Strikes . | . . . . Average Backups 10 | 6 10 12 5 Power 1 | 1 1 1 . Propulsion 2 | 3 2 2 . Utility 3 | . 3 5 4 Weapon 2 | 1 2 2 1 Tool/Special . | . . . . Unused Backups 10 | . 5 1 4 Power 3 | . 2 1 . Propulsion 2 | . 2 . . Utility 4 | . . . 4 Weapon 1 | . 1 . . Tool/Special . | . . . . Average Slot Usage (%) 96 | . 99 93 80 Engine 13 | . 14 12 14 Treads 23 | . 25 24 . Leg 1 | . 2 . . Wheel 1 | . . 1 25 Device 13 | . 13 12 11 Storage 14 | . 14 14 14 Energy Gun 15 | . 15 19 . Ballistic Cannon 7 | . 11 . . Launcher 1 | . . 6 . Peak Build Rating 9 | 7 9 9 7 Average Rating 7 | 6 7 7 5 On Entrance 6 | 6 7 9 2 Naked Turns . | . . . . Heaviest Build 56 | 14 56 56 47 Greatest Support 40 | 20 40 40 32 Greatest Overweight (x) 2 | . 1 2 1 Average Overweight (x) . | . . 1 1 Largest Inventory Capacity 20 | 8 20 20 20 Average Capacity 16 | 8 15 20 20 Most Carried 13 | 7 13 13 8 Average Carried 10 | 6 10 12 5 Final Capacity 20 | 8 20 20 20 Final Carried 13 | 6 13 9 4 Class Distribution -------------------- 100% | Mutant Dominant Class ---------------- Mutant | -10/Materials Mutant | -10/Subcaves Mutant | -7/Recycling Resources | -11 -10 -10 -7 ----------- Run | Yrd Mat Sub Rec Matter Collected 615 | 220 365 30 . Remotely . | . . . . Salvage Created 422 | 66 302 54 . Parts 35 | 3 23 9 . Haulers Intercepted . | . . . . Recyclers Shooed . | . . . . Parts Field Recycled . | . . . . Retrieved Matter . | . . . . Parts Self-Destructed 3 | . . 3 . Prevented . | . . . . Kills | -11 -10 -10 -7 ------- Run | Yrd Mat Sub Rec Combat Hostiles Destroyed 13 | . 8 5 . Guns 5 | . 4 1 . Cannons 4 | . 4 . . AOE 4 | . . 4 . Classes Destroyed 9 | 2 5 2 . Builder 2 | . 2 . . Tunneler 1 | 1 . . . Recycler 1 | 1 . . . Mechanic 1 | . 1 . . Turret 2 | . . 2 . Watcher 1 | . 1 . . Swarmer 4 | . . 4 . Grunt 5 | . 5 . . Subdweller 4 | . 3 1 . Best Kill Streak 6 | 2 4 6 . Combat Bots Only 4 | . 3 4 . Max Kills in Single Turn 4 | 1 1 4 . Gunslinging . | . . . . Exploded 4 | . . 4 . Melee . | . . . . Uniques/NPCs Destroyed . | . . . . Combat | -11 -10 -10 -7 -------- Run | Yrd Mat Sub Rec Hostile Shots Fired 131 | . 19 76 36 Missed 41 | . 2 27 12 Hits 90 | . 17 49 24 Projectile 90 | . 17 49 24 AOE 3 | . 3 . . Critical Strikes 1 | . 1 . . Damage Taken 1369 | . 402 790 177 Core 252 | . 152 52 48 Absorbed by Shields . | . . . . Core Remaining (%) 100 | 100 . . . Volleys Fired 59 | 3 31 23 2 Largest 2 | 2 2 2 2 Hottest 120 | 90 80 90 120 Shots Fired 109 | 6 60 40 3 Gun 74 | 6 30 36 2 Cannon 30 | . 30 . . Launcher 4 | . . 4 . Special 1 | . . . 1 Kinetic 36 | . 30 4 2 Thermal 73 | 6 30 36 1 Explosive . | . . . . Electromagnetic . | . . . . Robot Hit Streak 19 | 5 6 19 9 Robot Miss Streak 3 | . 3 1 1 Penetration Max . | . . . . Secondary Targets . | . . . . Shots Hit Robots 81 | 5 40 34 2 Core Hits 33 | 3 21 8 1 Critical Kills . | . . . . Critical Parts Destroyed . | . . . . Critical Strikes 3 | . 1 2 . Burn 3 | . 1 2 . Melee Attacks . | . . . . Impact . | . . . . Slashing . | . . . . Piercing . | . . . . Sneak Attacks . | . . . . Combat Hostiles . | . . . . Follow-up Attacks . | . . . . Damage Inflicted 1371 | 61 624 669 17 Guns 548 | 61 256 214 17 Cannons 365 | . 365 . . Explosions 455 | . . 455 . Melee . | . . . . Ramming 3 | . 3 . . Kinetic 837 | . 365 455 17 Thermal 531 | 61 256 214 . Explosive . | . . . . Electromagnetic . | . . . . Impact . | . . . . Slashing . | . . . . Piercing . | . . . . Highest Corruption . | . . . . Average Corruption . | . . . . Corruption Purged . | . . . . Corruption Blocked . | . . . . Overload Shots . | . . . . Overflow Damage 19 | . . 19 . Projectiles . | . . . . Explosions 19 | . . 19 . Melee . | . . . . Knockbacks 5 | . 5 . . Impact . | . . . . Kinetic 5 | . 5 . . Secondary . | . . . . Self-Inflicted Damage . | . . . . Shots . | . . . . Rammed . | . . . . Targets Rammed 1 | . 1 . . Kicked 1 | . 1 . . Crushed . | . . . . Highest Temperature 207 | 90 207 . 46 Average Temperature 75 | 48 80 . 27 Received Heat Transfer 291 | . 141 102 48 Siege Activations . | . . . . Martial Activations . | . . . . Shielding Activations . | . . . . Robots Disrupted . | . . . . Combat Hostiles . | . . . . Robots Corrupted . | . . . . Combat Hostiles . | . . . . Parts Fried . | . . . . Impact Corruptions . | . . . . Robots Melted . | . . . . Combat Hostiles . | . . . . Parts Melted . | . . . . Heat Transferred 1681 | 149 814 718 . Parts Sabotaged . | . . . . Parts Stolen . | . . . . Parts Stripped . | . . . . Power Chain Reactions . | . . . . Alert | -11 -10 -10 -7 ------- Run | Yrd Mat Sub Rec Maximum Alert Level . | . . . . Low Security (%) 100 | 100 100 . 100 Level 1 . | . . . . Level 2 . | . . . . Level 3 . | . . . . Level 4 . | . . . . Level 5 . | . . . . High Security . | . . . . Max Security . | . . . . Peak Influence 50 | 10 50 . 32 Initial 12 | . . . 12 Average 11 | 3 11 . 18 Influence Increases 398 | 10 162 195 31 Destroy 0b10 Robot/C 220 | . 100 120 . Destroy 0b10 Robot/NC 30 | 10 20 . . Destroy Leader 32 | . 32 . . Successful Hack 10 | . 10 . . Select Force Hacks 30 | . . . 30 Destroy Structure 1 | . . . 1 Lose Combat Pursuer 75 | . . 75 . Influence Decreases 385 | 10 162 170 43 Entered New Map 13 | . . . 13 Time Decay 272 | 10 162 80 20 Lost Part 100 | . . 90 10 Squads Dispatched 1 | . 1 . . Investigation 1 | . 1 . . Extermination . | . . . . Reinforcement . | . . . . Assault . | . . . . Garrison . | . . . . Intercept . | . . . . Searches Triggered . | . . . . Construction Impeded . | . . . . Haulers Reinforced . | . . . . Active Scanning Responses . | . . . . Cargo Convoy Interrupts . | . . . . Stealth | -11 -10 -10 -7 --------- Run | Yrd Mat Sub Rec Distress Signals 1 | . 1 . . Communications Jammed . | . . . . Distress Signals . | . . . . Times Spotted 25 | . 12 12 1 Peak Tracking Total 6 | . 4 6 1 Tactical Retreats 2 | . . 2 . Traps | -11 -10 -10 -7 ------- Run | Yrd Mat Sub Rec Traps Triggered 1 | . 1 . . Indirectly . | . . . . Trap Hack Attempts . | . . . . Triggered . | . . . . Disarmed . | . . . . Reprogrammed . | . . . . Reused . | . . . . Traps Extracted . | . . . . Installed . | . . . . Triggered . | . . . . Machines | -11 -10 -10 -7 ---------- Run | Yrd Mat Sub Rec Machines Disabled 4 | . . 4 . Max in Single Turn 4 | . . 4 . Machines Repaired . | . . . . Machines Dismantled . | . . . . Machines Sabotaged . | . . . . Overloaded Fab Kills . | . . . . Hacking | -11 -10 -10 -7 --------- Run | Yrd Mat Sub Rec Machines Accessed 6 | . 5 . 1 Terminals 5 | . 5 . . Fabricators . | . . . . Repair Stations . | . . . . Recycling Units 1 | . . . 1 Scanalyzers . | . . . . Garrison Access . | . . . . Total Hacks 23 | . 22 . 1 Successful 12 | . 11 . 1 Failed 10 | . 10 . . Catastrophic 1 | . 1 . . Database Lockouts 1 | . 1 . . Manual 18 | . 17 . 1 Terminals 22 | . 22 . . Fabricators . | . . . . Repair Stations . | . . . . Recycling Units 1 | . . . 1 Scanalyzers . | . . . . Garrison Access . | . . . . Terminal Hacks 9 | . 9 . . Part Schematic 1 | . 1 . . Robot Analysis 3 | . 3 . . Terminal Index 1 | . 1 . . Alert Level 2 | . 2 . . Hauler Manifests 1 | . 1 . . Registered Components 1 | . 1 . . Fabricator Hacks . | . . . . Repair Station Hacks . | . . . . Recycling Unit Hacks . | . . . . Scanalyzer . | . . . . Garrison Access Hacks . | . . . . Unauthorized Hacks 3 | . 2 . 1 Terminals 2 | . 2 . . Botnet 2 | . 2 . . Fabricators . | . . . . Repair Stations . | . . . . Recycling Units 1 | . . . 1 Tunnel 1 | . . . 1 Scanalyzers . | . . . . Garrison Access . | . . . . Data Cores Recovered . | . . . . Used . | . . . . Hacking Detections 5 | . 5 . . Full Trace Events . | . . . . Feedback Events . | . . . . Feedback Blocked . | . . . . Robot Schematics Acquired . | . . . . Robots Built . | . . . . Authchips . | . . . . Time . | . . . . Total Robot Build Rating . | . . . . Part Schematics Acquired 1 | . 1 . . Parts Built . | . . . . Authchips . | . . . . Time . | . . . . Total Part Build Rating . | . . . . Parts Repaired . | . . . . Time . | . . . . Parts Recycled . | . . . . Recycled Matter . | . . . . Retrieved Matter . | . . . . Retrieved Components . | . . . . Parts Scanalyzed . | . . . . Part Schematics Acquired . | . . . . Parts Damaged . | . . . . Bothacking | -11 -10 -10 -7 ------------ Run | Yrd Mat Sub Rec Used RIF Installer . | . . . . Robots Hacked . | . . . . Non-combat . | . . . . Combat . | . . . . Robot Hacks Applied . | . . . . Relay Couplers Released . | . . . . Fabnet Peak Effective % . | . . . . Robots Rewired . | . . . . Allies Hacked . | . . . . Hacks Repelled . | . . . . Allies | -11 -10 -10 -7 -------- Run | Yrd Mat Sub Rec Total Allies . | . . . . Largest Group . | . . . . Highest-Rated Group . | . . . . Highest-Rated Ally . | . . . . Total Orders . | . . . . Ally Attacks . | . . . . Total Damage . | . . . . Kills . | . . . . Allies Corrupted . | . . . . Allies Melted . | . . . . Intel | -11 -10 -10 -7 ------- Run | Yrd Mat Sub Rec Active Infowar (turns) 955 | 15 665 227 48 Structural 275 | . 219 8 48 Seismic 680 | 15 446 219 . Robot Analysis Total 3 | . 3 . . Derelict Logs Recovered . | . . . . Drone Launches . | . . . . Drone Recoveries . | . . . . Exploration | -11 -10 -10 -7 ------------- Run | Yrd Mat Sub Rec Turns Passed 1003 | 32 666 255 50 Spaces Moved 399 | 16 275 81 27 Core . | . . . . Treads 294 | . 226 68 . Legs 65 | 16 49 . . Wheels 40 | . . 13 27 Hover . | . . . . Flight . | . . . . Fastest Speed 115 | 120 120 130 115 Average Speed 194 | 120 198 222 115 Slowest Speed 240 | 120 240 240 115 Overloaded Moves . | . . . . Propulsion Burnouts . | . . . . Robots Hopped . | . . . . Potential Cave-ins . | . . . . Cave-ins Triggered . | . . . . Exploration Rate (%) 19 | 2 59 6 11 Regions Visited 3 Branch Regions 2 Pre-discovered Areas 2 | . . 1 1 Known Exits Taken . | . . . . Unknown Exits Taken 3 | 1 1 1 . Scrap Searched . | . . . . Spaces Dug . | . . . . Terrain Destroyed 42 | . . 41 1 Melee . | . . . . Projectile 1 | . . . 1 AOE 41 | . . 41 . Terrain Rammed . | . . . . Walls Destroyed . | . . . . Machines Disabled . | . . . . Actions | -11 -10 -10 -7 --------- Run | Yrd Mat Sub Rec Total 512 | 22 334 114 42 Wait 16 | . 7 1 8 Move 396 | 15 274 80 27 Hop . | . . . . Pick Up 11 | 1 10 . . Fast Attach 3 | 1 2 . . Attach 10 | . . 5 5 Detach 2 | . 1 1 . Swap 9 | 1 4 4 . Drop 5 | 1 4 . . Fire 59 | 3 31 23 2 Melee . | . . . . Ram . | . . . . Kick 1 | . 1 . . Crush . | . . . . Escape Stasis . | . . . . Rewire . | . . . . Trap . | . . . . Miscellaneous . | . . . . Route ------- -11/Scrapyard -10/Materials (discovered 4 exits: [*Mat x2] / [*Min] / [*Sub]) -10/Subcaves -7/Recycling History --------- Turn | Location | Event 12 | -11/Scrapyard | Discovered new exit (range 3) 33 | -11/Scrapyard | Entered Materials 237 | -10/Materials | Discovered new exit (range 10) 318 | -10/Materials | Build established: Mutant 529 | -10/Materials | Discovered new exit (range 10) 565 | -10/Materials | Discovered new exit (range 12) 570 | -10/Materials | Central database locked down 618 | -10/Materials | Discovered new exit (range 9) 633 | -10/Materials | Derelicts attacked the area 657 | -10/Materials | Core integrity fell below 50% 699 | -10/Materials | Entered Subcaves 700 | -10/Subcaves | Approached by a straggling Scientist 808 | -10/Subcaves | Discovered new exit (range 13) 824 | -10/Subcaves | Learned location of Zion (-7) 824 | -10/Subcaves | Met a Zionite searching for "candidates" 954 | -10/Subcaves | Core integrity fell below 20% 954 | -10/Subcaves | Entered Recycling 973 | -7/Recycling | Lost 9 parts (2p3n1u3w) 1004 | -7/Recycling | Destroyed by Y-54 Guardian with Flak Gun Last Messages --------------- NC-WO9(c): "We're getting close, I can feel it." 00912_ Lgt. Treads destroyed. 00920_ Ion Engine destroyed. 00926_ YP-MYA(R) suffers critical hit (Burn). 00926_ Seismic Detector destroyed. 00932_ YP-MYA(R) suffers critical hit (Burn). 00932_ YP-MYA(R) overheating. 00934_ Lgt. Treads destroyed. 00935_ Sub. Shrapnel Launcher destroyed. 00936_ Ion Engine destroyed. 00939_ Sml. Laser destroyed. 00942_ Med. Laser destroyed. LOCATION=UNKNOWN GOAL=ESCAPE 00978_ Connecting with Recycling Unit... 00978_ Current location identified: Recycling >>Force(Tunnel) DISCOVERED[-5/Extension] 00988_ Y-54 Guardian springs to life. 01001_ Com. Wheel destroyed. Map ----- +----------------------------------------------------+ | ????????????????????????????????????????? | | ????????????????????????????????????????? | | ????????????????????????????????????????? | | ????????????????????????????????????????? | | ????????????????????????????????????????? | | ????????????????????????????????????????? | | ????????????????????????????????????????? | | ????????????????????????????????????????? | | ?????#######????????????????????????????? | | ?????#################??????????????????? | | ?????## ############??????????????????? | | ?????## # ##??????????????????? | | ?????## # ##??????????????????? | | ?????## # ##??????????????????? | | ?????## # ###?????????????????? | | ?????## + ###?????????????????? | | ?????## # ##?????????????????? | | ?????## # ###?????????????????? | | ?????## + ###?????????????????? | | ?????## #### #######??????????????????? | | ?????## ##################????????????? | | ?????## ""################????????????? | | ?????## Y"# ##????????????? | | ?????## ""# ##????????????? | | ?????## ### ###???????????? | | ?????## ### @ r##???????????? | | ?????## ####;Y#############???????????? | | ?????## ??????????? | | ?????## ??????????? | | ?????## ??????????? | | ?????########## # #"Y"######??????????? | | ?????############ #"""######??????????? | | ?????????????#### ######??????????????? | | ?????????????????? #####???????????????? | | ?????????????????? # ??????????????????? | | ?????????????????? # ??????????????????? | | ??????????????????? # ??????????????????? | | ??????????????????? # ??????????????????? | | ??????????????????? + ??????????????????? | | ??????????????????? # ??????????????????? | | ????????????????????????????????????????? | | ????????????????????????????????????????? | | ????????????????????????????????????????? | | ????????????????????????????????????????? | | ????????????????????????????????????????? | | ????????????????????????????????????????? | | ????????????????????????????????????????? | | ????????????????????????????????????????? | | ????????????????????????????????????????? | | ????????????????????????????????????????? | +----------------------------------------------------+ Best States ------------- Heat Dissipation 25 Energy Generation 10 Energy Capacity 250 Matter Stores 300 Matter Capacity 300 Sight Range 16 Terrain Scan Density 10 Evasion (%) 55 Recoil Reduction 2 Item Schematics ----------------- Huge Storage Unit | -10/Materials | Hacked Robot Schematics ------------------ None Fabricated ------------ Nothing Repaired ---------- Nothing Alien Tech Used ----------------- None Achievements -------------- None Challenges ------------ None Game ------ Seed WeaponGuidedWheel Manual? 0 Play Time 00:12:26 Cumulative 606.0 hours Start 2025.05.16 @ 01:13:05 End 2025.05.16 @ 01:41:10 Sessions 1 Manual Loads 0 Difficulty Rogue Special Mode None Game No. 274 Rogue 130 Adventurer 144 Explorer 0 Win Type - Total 10 Types 4/1/4/1/0/0/0/0/0/0 Lore% 73 Gallery% 76 Achievement% 70 Wizard Run 0 Options --------- Layout 0 ASCII 0 Keyboard 0 Movement Mouse Keybinds 0 Fullscreen 2 Font 20/SmallcapsGlow Map View 66x50 Zoom Use 0% Tactical HUD 1 Map Filters NONE Filters NONE Steam 1 RUN: eb0e25c7-b61f-4d1d-bf57-a5c3fc448316